Map: Shrines of Lizul

Players

Subwaymaker - Winner!

  • Race: Protoss Protoss
  • League: Gold
  • Spawn Location: 6:00

Mesrob - Winner!

  • Race: Terran Terran
  • League: Platinum
  • Spawn Location: 9:00

Alexander

  • Race: Protoss Protoss
  • Spawn Location: 12:00

Meekl

  • Race: Protoss Protoss
  • Spawn Location: 3:00

VOD

Have the link to the VOD?

Description

Time

  • Played on: March 15, 2019, 8:03 p.m.
  • Length: 11:11
Show
View Real Time Build Order
Export as new Build Order

Subwaymaker Protoss - Winner!

Build Orders: Oracle Opening 

Get SALT Encoding   

  12  0:01  Probe  
  13  0:14  Probe  
  14  0:19  Pylon  
  14  0:26  Probe  
  15  0:41  Gateway  
  15  0:45  Assimilator  
  15  0:49  Probe  
  16  0:57  Probe  
  17  1:05  Probe  
  18  1:14  Probe  
  19  1:25  Pylon, Probe  
  20  1:37  Probe  
  21  1:44  Gateway  
  21  1:48  Cybernetics Core  
  21  1:55  Assimilator  
  21  1:57  Probe  
  22  2:09  Probe  
  22  2:18  Nexus  
  22  2:21  Pylon  
  22  2:36  Stargate  
  22  2:43  Probe  
  23  2:44  Zealot  
  23  2:48  Sentry  
  27  2:55  Probe  
  28  3:00  Warp Gate  
  28  3:05  Zealot  
  28  3:07  Probe  
  29  3:17  Zealot  
  29  3:19  Probe  
  34  3:29  Oracle, Probe  
  34  3:31  Probe  
  39  3:37  Probe  
  39  3:43  Probe  
  39  3:46  Probe  
  41  3:53  Robotics Facility  
  41  3:55  Probe  
  43  3:57  Pylon  
  43  4:01  Probe  
  44  4:03  Void Ray  
  44  4:07  Probe  
  45  4:13  Probe  
  50  4:19  Probe  
  51  4:24  Assimilator  
  51  4:25  Probe  
  51  4:27  Assimilator  
  52  4:34  Twilight Council  
  52  4:38  Pylon  
  52  4:40  Probe x2  
  54  5:20  Probe x2  
  56  5:28  Void Ray  
  56  5:32  Probe  
  61  5:36  Stargate  
  61  5:37  Gateway  
  61  5:39  Gateway  
  61  5:40  Charge  
  61  5:45  Pylon  
  61  5:46  Observer  
  61  5:47  Pylon  
  62  5:52  Probe  
  62  5:53  Probe  
  64  5:57  Zealot x2  
  68  6:17  Void Ray  
  68  6:19  Void Ray  
  72  6:31  Protoss Air Weapons Level 1  
  76  6:35  Immortal  
  80  6:59  Fleet Beacon  
  80  7:07  Gateway  
  80  7:09  Gateway  
  80  7:11  Gateway  
  80  7:14  Dark Shrine  
  80  7:22  Void Ray  
  84  7:40  Pylon  
  84  7:57  Void Ray  
  88  8:00  Nexus  
  88  8:01  Pylon  
  88  8:04  Pylon  
  88  8:05  Probe x2  
  89  8:07  Assimilator  
  89  8:12  Assimilator  
  90  8:17  Probe x2  
  92  8:26  Protoss Air Weapons Level 2  
  92  8:29  Probe  
  93  8:41  Void Ray  
  93  8:42  Void Ray  
  101  8:52  Stargate  
  101  8:53  Stargate  
  101  8:55  Stargate  
  101  8:57  Probe x2  
  101  8:58  Cybernetics Core  
  101  8:59  Forge  
  101  9:02  Forge  
  103  9:06  Dark Templar x3  
  103  9:07  Pylon  
  103  9:08  Pylon  
  103  9:09  Probe  
  110  9:12  Probe  
  111  9:17  Probe  
  111  9:18  Probe  
  113  9:24  Probe  
  113  9:25  Probe  
  113  9:26  Probe  
  113  9:30  Pylon  
  116  9:33  Pylon  
  116  9:34  Probe  
  116  9:36  Probe x2  
  116  9:38  Gateway  
  118  9:41  Pylon  
  119  9:48  Void Ray  
  123  9:55  Void Ray  
  110  10:25  Dark Templar x6  
  110  11:07  Zealot  
  110  11:08  Zealot x5  
Show
View Real Time Build Order
Export as new Build Order

Mesrob Terran - Winner!

Build Orders: Mech 

Get SALT Encoding   

  12  0:00  SCV  
  13  0:13  SCV  
  14  0:18  Supply Depot  
  14  0:26  SCV  
  15  0:41  Barracks  
  15  0:44  SCV  
  16  0:50  Refinery  
  16  0:56  SCV  
  17  1:08  SCV  
  18  1:21  SCV  
  19  1:32  Marine  
  19  1:36  Command Center  
  20  1:45  Orbital Command  
  20  1:59  Barracks Tech Lab  
  20  2:03  Factory  
  20  2:13  SCV  
  21  2:25  SCV  
  22  2:38  SCV  
  23  2:44  Supply Depot  
  23  2:47  Marine  
  23  2:50  SCV  
  25  2:53  Orbital Command  
  25  2:55  Siege Tank  
  28  2:59  Refinery  
  28  3:05  Engineering Bay  
  28  3:06  Supply Depot  
  28  3:08  SCV  
  29  3:18  Marine  
  30  3:20  SCV  
  31  3:38  Siege Tank  
  34  3:45  Supply Depot  
  34  3:46  Missile Turret  
  34  3:49  Missile Turret  
  34  3:52  Refinery  
  34  4:00  SCV  
  34  4:01  SCV  
  36  4:10  Siege Tank  
  36  4:11  Command Center  
  39  4:21  SCV  
  39  4:22  Missile Turret  
  40  4:24  Refinery  
  40  4:28  SCV  
  41  4:34  SCV  
  42  4:41  SCV  
  43  4:46  SCV  
  44  4:53  SCV, Armory x2  
  45  5:17  SCV x2  
  47  5:29  Orbital Command, SCV  
  47  5:30  SCV  
  47  5:33  Refinery  
  49  5:42  Siege Tank, SCV x2  
  54  5:53  Factory  
  54  5:54  SCV  
  54  5:56  Refinery  
  55  5:58  Factory  
  55  6:00  SCV x2  
  57  6:04  Marine  
  57  6:06  SCV  
  59  6:12  SCV  
  60  6:29  Missile Turret  
  60  6:37  Supply Depot  
  60  6:40  Factory  
  60  6:43  Factory  
  60  6:45  SCV  
  60  6:46  SCV x2  
  63  6:50  Missile Turret  
  63  6:57  SCV  
  63  6:58  SCV x2  
  63  7:00  Supply Depot  
  66  7:10  SCV x3  
  66  7:11  Factory Reactor x2  
  66  7:12  Missile Turret  
  69  7:22  SCV x2  
  71  7:24  Supply Depot  
  71  7:32  Thor  
  71  7:34  Factory Tech Lab x2, SCV x2  
  71  7:35  Missile Turret  
  79  7:38  Missile Turret  
  79  7:46  SCV  
  79  7:47  Supply Depot  
  74  8:02  Missile Turret  
  74  8:04  Siege Tank  
  65  8:11  Supply Depot  
  61  8:17  Armory  
  61  8:22  SCV x3  
  64  8:34  SCV x3  
  65  8:36  Hellion x6  
  65  8:37  Hellion  
  65  8:38  Supply Depot  
  81  8:46  SCV x3  
  84  8:57  Hellion x2  
  84  8:58  SCV x3  
  84  9:02  Supply Depot, Command Center  
  91  9:05  Armory  
  91  9:10  SCV x2  
  91  9:11  SCV  
  91  9:12  Missile Turret  
  94  9:22  SCV  
  94  9:23  SCV x2  
  97  9:34  SCV  
  97  9:35  SCV  
  97  9:37  Thor x3  
  97  9:38  Command Center  
  117  9:39  Hellbat x2  
  121  9:51  Missile Turret  
  121  10:02  SCV x3  
  124  10:14  SCV x2  
  109  10:48  Hellbat x2  
Show
View Real Time Build Order
Export as new Build Order

Alexander Protoss 

Build Orders:  

Get SALT Encoding   

  12  0:01  Probe  
  13  0:13  Probe  
  14  0:22  Pylon  
  14  0:25  Probe  
  15  0:31  Assimilator  
  15  0:40  Probe  
  16  0:48  Gateway  
  16  0:52  Probe  
  17  1:00  Probe  
  17  1:09  Pylon  
  18  1:12  Gateway  
  18  1:13  Probe  
  19  1:23  Probe  
  20  1:28  Assimilator  
  20  1:31  Probe  
  20  1:39  Probe, Zealot  
  24  1:55  Probe  
  25  2:03  Cybernetics Core  
  25  2:22  Probe  
  26  2:25  Zealot  
  26  2:28  Pylon  
  28  2:30  Warp Gate  
  28  2:32  Pylon  
  28  2:35  Zealot  
  30  2:38  Probe  
  31  2:51  Forge  
  31  2:57  Probe  
  32  3:10  Probe  
  33  3:15  Robotics Facility  
  33  3:22  Probe  
  33  3:26  Pylon  
  34  3:28  Photon Cannon  
  34  3:34  Probe  
  35  3:55  Twilight Council  
  35  4:01  Probe  
  36  4:03  Observer  
  37  4:14  Gateway  
  37  4:16  Immortal, Probe, Protoss Ground Weapons Level 1  
  38  4:23  Stalker  
  44  4:34  Stalker  
  44  4:36  Probe  
  47  4:48  Probe  
  48  4:56  Charge  
  47  5:01  Observer  
  48  5:10  Probe  
  49  5:34  Pylon  
  49  5:39  Pylon, Immortal  
  49  5:41  Stalker  
  55  5:48  Pylon  
  54  6:18  Photon Cannon  
  54  6:23  Warp Prism  
  54  6:24  Probe  
  54  6:26  Stalker x3  
  62  6:50  Probe  
  63  7:16  Gateway x2  
  63  7:26  Zealot x2  
  63  7:27  Zealot  
  69  7:51  Stalker x3  
  69  8:15  Stargate x2  
  67  8:20  Stalker x2  
  67  8:21  Stalker  
  69  8:35  Stalker  
  69  8:40  Probe  
  72  9:05  Nexus  
  72  9:16  Observer  
  73  9:51  Probe  
  74  9:54  Stalker x2  
  77  10:03  Probe  
  78  10:20  Phoenix x2  
  54  10:38  Stalker x3  
  54  10:39  Stalker  
Show
View Real Time Build Order
Export as new Build Order

Meekl Protoss 

Build Orders:  

Get SALT Encoding   

  1  0:00  Probe  
  13  0:07  Probe  
  14  0:21  Pylon  
  14  0:31  Probe  
  14  0:32  Assimilator  
  15  0:41  Gateway  
  15  0:46  Probe  
  16  0:58  Probe  
  17  1:05  Pylon  
  17  1:07  Probe  
  18  1:15  Probe  
  18  1:24  Forge  
  19  1:41  Gateway  
  19  1:43  Zealot  
  19  1:46  Probe  
  22  2:06  Probe  
  22  2:15  Assimilator, Probe  
  24  2:24  Cybernetics Core  
  24  2:26  Gateway  
  24  2:34  Gateway  
  24  2:40  Pylon  
  24  2:46  Zealot  
  24  2:51  Warp Gate  
  26  3:23  Robotics Facility  
  26  3:34  Stalker  
  26  3:35  Stalker  
  26  3:36  Stalker  
  32  4:08  Nexus  
  32  4:14  Probe  
  32  4:15  Immortal  
  36  4:22  Probe  
  37  4:27  Assimilator  
  37  4:29  Assimilator  
  38  4:44  Pylon  
  38  4:47  Pylon  
  38  4:51  Pylon  
  32  5:06  Stalker  
  33  5:20  Probe  
  33  5:28  Probe  
  35  5:37  Pylon  
  35  5:54  Probe  
  35  5:56  Photon Cannon  
  35  6:01  Probe  
  35  6:03  Probe  
  38  6:12  Probe  
  38  6:13  Probe  
  40  6:29  Protoss Ground Armor Level 1  
  40  6:34  Stalker x3  
  40  6:35  Stalker  
  48  6:44  Probe  
  48  6:47  Probe  
  48  6:52  Probe  
  50  6:55  Probe  
  52  7:02  Immortal  
  52  7:07  Probe  
  56  7:13  Probe  
  58  7:15  Probe  
  58  7:21  Probe  
  60  7:32  Zealot x4  
  68  7:50  Pylon  
  68  7:53  Pylon, Probe  
  69  8:05  Probe  
  70  8:13  Stargate  
  70  8:15  Stargate  
  70  8:19  Stalker  
  72  8:20  Stalker x2  
  72  8:21  Stalker  
  72  8:25  Probe  
  78  8:33  Probe  
  80  8:43  Photon Cannon  
  80  8:47  Photon Cannon  
  80  8:49  Pylon  
  80  8:58  Phoenix x2  
  84  9:23  Phoenix x2  
  88  9:36  Stalker x4  
  96  9:48  Phoenix x2  
  76  10:44  Stalker x3  
  76  10:45  Stalker  
Tags
 
Add a new tag
Caveats
  • Supply blocks, unpowered buildings, or Contaminate may cause inaccurate times.
  • Supply counts are checked every 10 seconds.